Unix NetHack Version 5.0.0-0 post-release - last build Jun 10 2026 00:39:30 (3ee93aec679c4c4259841fe613dc97188e26a321,branch:main).

Game began 2026-06-19 17:37:32, ended 2026-06-19 21:20:08.

LDaviesPeters, neutral female human Archeologist

                     ------------
                     |..........|                       ---------
                    #...........|                       |.......|
                    #|..........|                      #-.......|
                    #|..........|        ###############|.......|
    ------------    #|..........|#########              |.......-#
    |...[......|    #|..........+#                      |..{....|##
    |.....[...[|    #-.----------#                      -----.-.- #
    |......[...|    ###########  ##                            #  #    -------
    -----+------      ##     ########                          #  #####-...[.|
         ##            #          # ####                       #       |(<...|
          ###          #          #   -|-----                  #       |.....|
            ###        #          #   |..>..|                  #       |.....|
           ---.-----+--#          ####-.....|                  #       |.....|
           |....d@df.S|#              |.....|         ---+-----.-      -------
           |....ddd.f..#              |.....-###      |.........|
           |..........|               |.....|  ##     |.B.......|
           ------------               |.....|   ######-.........|
                                      -------         -----------

LDaviesPeters the Field Worker  St:14 Dx:8 Co:14 In:15 Wi:17 Ch:9  Neutral
Dlvl:3  $:0  HP:0(31) Pw:29(29) AC:5  Xp:4 T:2301 

Latest messages:
 You hear a jackal howling at the moon.
 There is a sewer rat corpse here; eat it? [ynq] (n) y
 Blecch!  Rotten food!
 Z - 11 arrows.
 In what direction? 8
 The door resists!
 In what direction? 8
 The door closes.
 The giant rat bites!
 You lash the giant rat.
 The giant rat bites!
 You kill the giant rat!
 The werejackal summons help!
 A jackal suddenly appears next to you!
 The werejackal bites!
 You avoid harm.
 The kitten misses the jackal.
 The kitten bites the jackal.
 The jackal is killed!
 You find a hidden door.
 Pick a monster, object or location.
 d        a dog or other canine (werejackal)
 The kitten misses the werejackal.
 The kitten misses the werejackal.
 The kitten bites the werejackal.
 The werejackal bites the kitten.
 You miss the werejackal.
 The werejackal bites!
 You lash the werejackal.
 The werejackal misses!
 You miss the werejackal.
 The werejackal bites!
 You feel feverish.
 You miss the werejackal.
 The werejackal summons help!
 A coyote suddenly appears next to you!
 A jackal suddenly appears next to you!
 A jackal suddenly appears next to you!
 A jackal suddenly appears next to you!
 The werejackal bites!
 The kitten misses the garter snake.
 You miss the werejackal.
 The jackal bites!
 The jackal bites!
 The jackal misses!
 The coyote bites!
 The werejackal bites!
 You die...
 Do you want your possessions identified? [ynq] (y) y
 Do you want to see your attributes? [ynq] (y) q

Inventory:
 Weapons  (')')
  Z - 11 +0 arrows
  A - 4 cursed -1 daggers
  u - a +0 orcish dagger (at the ready)
  a - a +2 bullwhip (weapon in right hand)
 Armor    ('[')
  c - an uncursed +0 fedora
  v - an uncursed +0 orcish helm (being worn)
  X - an uncursed +0 cloak of protection (being worn)
  W - an uncursed +2 oilskin cloak
  E - an uncursed +0 Hawaiian shirt with a toucan motif (being worn)
  h - an uncursed +0 leather jacket (being worn)
 Comestibles  ('%')
  j - an uncursed slime mold
  d - 4 uncursed food rations
  e - an uncursed melon
 Wands    ('/')
  F - a wand of create monster (0:12)
  s - a wand of teleportation (0:6)
 Tools    ('(')
  b - an uncursed sack containing 10 items
  k - an uncursed credit card
  i - a magic marker (0:19)
  f - a tinning kit (0:36)
  B - an uncursed towel
 Gems/Stones  ('*')
  g - an uncursed touchstone

Contents of the sack:
  98 gold pieces
  an uncursed scroll of create monster
  an uncursed scroll of teleportation
  an uncursed potion of booze
  a blessed potion of healing
  an uncursed potion of healing
  an uncursed potion of object detection
  an uncursed potion of paralysis
  an uncursed potion of speed
  a +0 pick-axe

LDaviesPeters the Archeologist's attributes:

Background:
 You were a Field Worker, a level 4 female human Archeologist.
 You were neutral, nominally on a mission for Camaxtli
 who was opposed by Quetzalcoatl (lawful) and Huhetotl (chaotic).
 You were right-handed.
 You were in the Dungeons of Doom, on level 3.
 You entered the dungeon 2301 turns ago.
 You had 95 experience points, 65 more were needed to attain level 5.

Basics:
 You had 0 out of 31 hit points.
 You had all 29 energy points (spell power).
 Your armor class was 5.
 Your wallet was empty, but
 you had 98 zorkmids stashed away in your pack.
 Autopickup was off.

Final Characteristics:
 Your strength was 14 (limit:18/100).
 Your dexterity was 8 (limit:18).
 Your constitution was 14 (limit:18).
 Your intelligence was 15 (limit:18).
 Your wisdom was 17 (limit:18).
 Your charisma was 9 (limit:18).

Final Status:
 You weren't hungry.
 You were unencumbered.
 You were wielding a whip.
 You had basic skill with whip.

Final Attributes:
 You were piously aligned.
 You were level-drain resistant.
 You had automatic searching.
 You were protected.
 You were a werejackal.
 You were harmed by silver.
 You are dead.

Miscellaneous:
 You didn't encounter any bones levels.
 Total elapsed playing time was 43 minutes and 1 second.

Major events:
 Turn
    1: LDaviesPeters the neutral female human Archeologist entered the dungeon
  829: entered the Gnomish Mines
  839: attained the rank of Field Worker (level 3)
 2301: killed by a werejackal

Spells:
 Name                 Level Category     Fail Retention
 slow monster           2   enchantment   94%  76%-100%
 knock                  1   matter        35%  76%-100%
 chain lightning        2   attack        94%  76%-100%
 magic missile          2   attack        94%  76%-100%
 healing                1   healing       35%  76%-100%

Skills:
 Fighting Skills
   bare handed combat [Unskilled]
   two weapon combat  [Unskilled]
   riding             [Unskilled]
 Weapon Skills
   dagger             [Unskilled]
   knife              [Unskilled]
   pick-axe           [Basic]
   short sword        [Unskilled]
   saber              [Unskilled]
   club               [Unskilled]
   quarterstaff       [Unskilled]
   sling              [Unskilled]
   dart               [Unskilled]
   boomerang          [Unskilled]
   whip               [Basic]
   unicorn horn       [Unskilled]
 Spellcasting Skills
   attack spells      [Unskilled]
   healing spells     [Unskilled]
   divination spells  [Unskilled]
   matter spells      [Unskilled]

Voluntary challenges:
 Character rerolling was not enabled.
 You were an atheist.
 You never genocided any monsters.
 You never polymorphed an object.
 You never changed form.
 You used no wishes.
Achievements:
 You entered the Gnomish Mines.
 You attained the rank of Field Worker.
 You entered a shop.

 The Dungeons of Doom: levels 1 to 3
    Level 1:
    Level 2:
       Stairs down to The Gnomish Mines.
    Level 3: <- You were here.
       An armor shop, a fountain.
       Final resting place for
          you, killed by a werejackal.
 The Gnomish Mines:
    Level 3:


Vanquished creatures:
  a shrieker
  a gnome leader
  a kitten
  a homunculus
  a dwarf zombie
  a giant rat
  a yellow mold
  a red mold
  a gecko
  2 jackals
  a fox
  2 kobolds
  3 goblins
  a sewer rat
  5 grid bugs
  4 lichens
  4 newts
31 creatures vanquished.

No species were genocided or became extinct.

Game over:
                       ----------
                      /          \
                     /    REST    \
                    /      IN      \
                   /     PEACE      \
                  /                  \
                  |  LDaviesPeters   |
                  |      98 Au       |
                  |   killed by a    |
                  |    werejackal    |
                  |                  |
                  |                  |
                  |       2026       |
                 *|     *  *  *      | *
        _________)/\\_//(\/(/\)/\//\/|_)_______

Goodbye LDaviesPeters the Archeologist...

You died in The Dungeons of Doom on dungeon level 3 with 579 points,
and 98 pieces of gold, after 2301 moves.
You were level 4 with a maximum of 31 hit points when you died.

